 Dungeon Crawl Stone Soup version 0.30-a0-292-g0f741e3f8e (webtiles) character file.

Game seed: 3810192753505590635

10683 hikkokomori the Cleaver (level 11, -12/101 HPs)
             Began as a Minotaur Berserker on Oct 18, 2022.
             Was a High Priest of Trog.
             Mangled by a komodo dragon (24 damage)
             ... on level 11 of the Dungeon.
             The game lasted 00:21:24 (12510 turns).

hikkokomori the Cleaver (Minotaur Berserker)       Turns: 12510, Time: 00:21:25

Health: -12/101    AC: 18    Str: 26    XL:     11   Next: 39%
Magic:  10/10      EV: 11    Int: 10    God:    Trog [*****.]
Gold:   345        SH:  0    Dex: 10    Spells: 10/10 levels left

rFire   . . .      SeeInvis .    T - +0 battleaxe (venom)
rCold   . . .      Faith    +    (shield currently unavailable)
rNeg    . . .      Spirit   .    s - +0 chain mail
rPois   +          Reflect  .    (helmet restricted)
rElec   .          Harm     .    h - +2 cloak {Will+}
rCorr   .          Rampage  .    f - +0 pair of gloves
Will    +....                    K - +0 pair of boots
Stlth   ..........               m - amulet of faith
HPRegen 0.36/turn                I - +6 ring of intelligence
MPRegen 0.12/turn                w - ring of poison resistance

@: invisible
A: horns 2, retaliatory headbutt
a: Renounce Religion, Berserk, Trog's Hand, Brothers in Arms


You were on level 11 of the Dungeon.
You worshipped Trog.
Trog was extremely pleased with you.
You visited 1 branch of the dungeon, and saw 11 of its levels.
You also visited: Sewer.

You collected 785 gold pieces.
You spent 440 gold pieces at shops.

Inventory:

Hand Weapons
 a - a +0 hand axe
 u - a +0 antimagic hand axe
 y - a +1 vorpal hand axe
 Q - a +2 morningstar of holy wrath
 T - a +0 battleaxe of venom (weapon)
Missiles
 R - a throwing net (quivered)
Armour
 b - a +0 animal skin
 f - a +0 pair of gloves (worn)
 g - a +1 leather armour
 h - a +2 cloak of willpower (worn)
 s - a +0 chain mail (worn)
 v - an orb of mayhem
 K - a +0 pair of boots (worn)
Jewellery
 c - a ring of fire
 e - a ring of magical power
 k - an amulet of the acrobat
 m - an amulet of faith (around neck)
 w - a ring of poison resistance (right hand)
 I - a +6 ring of intelligence (left hand)
 M - an amulet of guardian spirit
Wands
 n - a wand of flame (44)
 t - a wand of roots (27)
 B - a wand of charming (8)
Scrolls
 d - 2 scrolls of amnesia
 o - a scroll of identify
 r - 4 scrolls of teleportation
 E - 3 scrolls of enchant weapon
 F - a scroll of poison
 J - a scroll of immolation
 N - a scroll of vulnerability
Potions
 i - 5 potions of brilliance
 j - 2 potions of haste
 l - 2 potions of heal wounds {unknown}
 p - a potion of berserk rage
 q - 4 potions of curing
 x - 2 potions of cancellation
 z - a potion of ambrosia
 C - 2 potions of resistance
 D - a potion of degeneration {unknown}
 G - 2 potions of flight
 H - a potion of mutation {unknown}
 L - a potion of attraction {unknown}
 P - a potion of lignification {unknown}


   Skills:
 + Level 10.6 Fighting
 + Level 11.5 Axes
 + Level 10.2 Armour
 + Level 9.4 Dodging
 - Level 5.0 Stealth
 + Level 2.1 Evocations


You had 10 spell levels left.
You didn't know any spells.
Your spell library was empty.

Dungeon Overview and Level Annotations

Branches:
Dungeon (11/15)            Temple (0/1) D:6            Lair (0/5) D:8
    Orc (0/2) D:11          Sewer (visited)

Altars:

Shops:
D:6 (   D:7 ([**


Innate Abilities, Weirdness & Mutations

You have a pair of horns on your head.
You reflexively headbutt those who attack you in melee.


Message History

You slash the manticore!
The manticore looks as sick as possible!
You headbutt the manticore!
The manticore is almost dead.
You kill the manticore!
Trog accepts your kill.
Your Evocations skill increases to level 2!
You closely miss the komodo dragon.
You headbutt the komodo dragon, but do no damage.
The komodo dragon bites you but does no damage.
Unknown command.
You slash the komodo dragon!
The komodo dragon is poisoned.
You headbutt the komodo dragon, but do no damage.
The komodo dragon is moderately wounded.
The komodo dragon bites you!
You are too injured to fight recklessly!
You are too injured to fight recklessly!
You are too injured to fight recklessly!
You completely miss the komodo dragon.
The komodo dragon is moderately wounded.
The komodo dragon bites you.
Unknown command.
You hit the komodo dragon but do no damage.
The komodo dragon looks as sick as possible!
The komodo dragon is moderately wounded.
The komodo dragon bites you! x2
* * * LOW HITPOINT WARNING * * *
Unknown command.
Okay, then.
Okay, then.
You hit the komodo dragon but do no damage.
The komodo dragon looks as sick as possible!
The komodo dragon is moderately wounded.
The komodo dragon bites you!
* * * LOW HITPOINT WARNING * * *
Unknown command.
Okay, then.
You fade into invisibility!
The komodo dragon bites you!!
You die...

' #.#. ###..#
######..' .....#
....... ....##
#.....# .. ....#
#.....##...
....'..
#..........
....#..
#..l....... #####
# ### #.@# ...[##
##.###..## .....#
#....'...# .....#
#....#...# ##..##
##.###.###
##..#######.###.#
.#...#...#...#...
.#.......'...#...
.#..#....#.###..##


You could see a komodo dragon (unable to see you, extremely poisoned).

Vanquished Creatures
  3 two-headed ogres
  An ugly thing (D:11)
  A manticore (D:11)
  Joseph (D:10)
  A wraith (D:11)
  Sigmund (D:3)
  A shadow (D:9)
  A wyvern (D:11)
  A vampire (D:10)
  6 yaks
  3 steam dragons
  4 vampire mosquitoes (D:11)
  3 wargs (D:8)
  A water moccasin (D:7)
  3 acid dragons
  3 orc warriors (D:11)
  A black bear (D:6)
  2 sky beasts (D:7)
  8 centaurs
  5 ogres
  A phantom (D:7)
  A bullfrog (D:9)
  A gnoll sergeant (D:10)
  2 necrophages (D:6)
  3 scorpions (D:6)
  12 wights
  8 killer bees
  7 howler monkeys
  3 hounds
  2 jellies
  2 gnoll boudas
  5 orc priests
  Natasha (thrice) (D:3)
  3 iguanas
  4 orc wizards
  9 adders
  14 gnolls
  A river rat (Sewer)
  A shadow imp (D:5)
  2 ufetubi (D:6)
  5 worms
  A dart slug (D:1)
  23 orcs
  16 endoplasms
  7 giant cockroaches
  13 goblins
  10 hobgoblins
  3 jackals (D:1)
  14 kobolds
  7 quokkas
  5 ball pythons
  8 bats
  A frilled lizard (D:3)
  10 rats
257 creatures vanquished.

Vanquished Creatures (collateral kills)
  An orc warrior (D:11)
  3 wights (D:7)
  An orc (D:11)
5 creatures vanquished.

Vanquished Creatures (others)
  4 fungi (D:1)
  9 plants
13 creatures vanquished.

Grand Total: 275 creatures vanquished

Notes
Turn   | Place    | Note
-------+----------+-------------------------------------------
     0 | D:1      | hikkokomori the Minotaur Berserker began the quest for the
                  | Orb.
     0 | D:1      | Reached XP level 1. HP: 19/19 MP: 0/0
    78 | D:1      | Reached XP level 2. HP: 17/27 MP: 1/1
   201 | D:1      | Reached skill level 4 in Axes
   672 | D:1      | Found a faded altar of an unknown god.
   689 | D:1      | Reached XP level 3. HP: 33/33 MP: 2/2
   690 | D:1      | Reached ** piety under Trog
  1399 | D:2      | Reached XP level 4. HP: 40/40 MP: 3/3
  1983 | D:3      | Noticed Natasha
  1994 | D:3      | Killed Natasha
  2014 | D:3      | Noticed Natasha
  2024 | D:3      | Killed Natasha
  2025 | D:3      | Reached skill level 5 in Axes
  2035 | D:3      | Reached XP level 5. HP: 38/47 MP: 4/4
  2079 | D:3      | Noticed Sigmund
  2093 | D:3      | Killed Sigmund
  2094 | D:3      | Reached XP level 6. HP: 55/55 MP: 5/5
  2204 | D:3      | Reached skill level 5 in Fighting
  2219 | D:3      | Noticed Natasha
  2224 | D:3      | Killed Natasha
  2225 | D:3      | Reached skill level 6 in Axes
  3268 | D:4      | Reached XP level 7. HP: 59/61 MP: 5/6
  3797 | D:5      | Entered Level 5 of the Dungeon
  3983 | D:5      | Reached skill level 7 in Axes
  4043 | D:5      | Found a glowing drain.
  4052 | Sewer    | Entered a sewer
  4137 | Sewer    | Reached *** piety under Trog
  4785 | D:5      | Reached skill level 5 in Armour
  5176 | D:5      | Reached skill level 5 in Dodging
  5552 | D:6      | Reached XP level 8. HP: 59/68 MP: 7/7
  5725 | D:6      | Reached skill level 8 in Axes
  5725 | D:6      | Reached skill level 1 in Stealth
  5906 | D:6      | Reached **** piety under Trog
  6337 | D:6      | Found Libluuz's Antique Weapon Shoppe.
  6466 | D:6      | Found a staircase to the Ecumenical Temple.
  6882 | D:7      | Reached XP level 9. HP: 79/79 MP: 8/8
  6947 | D:7      | Found Wil Jeth's Assorted Antiques.
  7234 | D:7      | Reached skill level 9 in Axes
  7320 | D:7      | Found Nuoni's Assorted Antiques.
  7343 | D:7      | Bought a shiny silver ring for 115 gold pieces
  7350 | D:7      | Found Huphue's Antique Armour Boutique.
  7419 | D:7      | Found Jiedotz's Weapon Shop.
  7635 | D:8      | Found a staircase to the Lair.
  7991 | D:8      | Reached ***** piety under Trog
  8786 | D:9      | Reached XP level 10. HP: 29/90 MP: 9/9
  9423 | D:9      | Reached skill level 10 in Axes
  9783 | D:9      | Noticed a two-headed ogre
  9791 | D:9      | Killed a two-headed ogre
  9792 | D:9      | Reached skill level 5 in Stealth
 10019 | D:10     | Entered Level 10 of the Dungeon
 10048 | D:10     | Noticed a two-headed ogre
 10055 | D:10     | Killed a two-headed ogre
 10613 | D:10     | Noticed a two-headed ogre
 10623 | D:10     | Killed a two-headed ogre
 10624 | D:10     | Reached skill level 10 in Fighting
 10624 | D:10     | Reached skill level 11 in Axes
 10835 | D:10     | Noticed Joseph
 10844 | D:10     | Killed Joseph
 10845 | D:10     | Reached XP level 11. HP: 93/99 MP: 10/10
 11099 | D:11     | Received a gift from Trog
 11433 | D:11     | Found a staircase to the Orcish Mines.
 11462 | D:11     | Reached skill level 1 in Evocations
 11591 | D:7      | Bought a battleaxe for 149 gold pieces
 11591 | D:7      | Bought a scroll labelled TATOSTR SEIN for 23 gold pieces
 11676 | D:7      | Bought a pair of boots for 153 gold pieces
 12047 | D:11     | Reached skill level 10 in Armour
 12263 | D:11     | Noticed a purple ugly thing
 12271 | D:11     | Killed a purple ugly thing
 12510 | D:11     | Mangled by a komodo dragon

Illustrated notes

Levels and vault maps discovered:
D:1:      lemuel_arrival_river_ford, layout_basic, shapermc_ecumenical_altar_gd,
          st_stairs_10
D:2:      layout_basic, st_stairs_11, chequers_serial_rivers_large_a,
          minmay_box_of_dots
D:3:      layout_basic, dk_noncrumbling_3, supply_closet_lemuel,
          chequers_serial_rivers_micro_a, uniq_sigmund, uniq_natasha
D:4:      layout_loops_cross, grunt_ministairs_6, moated_statue,
          chequers_serial_rivers_micro_a
D:5:      layout_loops_corners, portal_sewer_entry_f
D:6:      layout_basic, minmay_temple_entry_slanted, serial_shops, shop,
          serial_glass, glass_columns_b, glass_columns_a, eino_tiny_chamber,
          kennysheep_dice
D:7:      layout_basic, serial_shops, nicolae_square_shop,
          nicolae_shop_bloodbath_and_beyond, nicolae_shop_overgrown_old_shop,
          kennysheep_little_box
D:8:      minmay_klotski, layout_basic, erik_lair_orcish_takeover
D:9:      layout_long_grid, roderic_lattice_a
D:10:     layout_basic, uniq_joseph
D:11:     layout_gridville, david_orc_3, hangedman_corner_corridor

Skill      XL: |  1  2  3  4  5  6  7  8  9 10 11 |
---------------+----------------------------------+-----
Axes           | 4 5 6 7 8 9 11 | 11.5
Fighting       | 4 5 6 7 8 10 | 10.6
Armour         | 3 4 5 6 8 9 10 | 10.2
Dodging        | 3 4 5 6 7 8 9 |  9.4
Stealth        | 2 4 5 |  5.0
Evocations     | 2 |  2.1

Action                   |  1- 3 |  4- 6 |  7- 9 | 10-12 || total
-------------------------+-------+-------+-------+-------++-------
Melee: Hand axe          |    91 |    95 |   314 |   149 ||   649
       Headbutt          |     9 |    14 |    65 |    49 ||   137
       Punch             |       |       |     3 |     2 ||     5
       Battleaxe         |       |       |       |    43 ||    43
Invok: Trog's Hand       |       |     4 |       |       ||     4
       Berserk           |       |     3 |     4 |     6 ||    13
Evoke: Wand              |       |       |     5 |     9 ||    14
  Use: Scroll            |       |       |    14 |     9 ||    23
       Potion            |       |       |       |     1 ||     1
 Stab: Sleeping          |       |       |     1 |     2 ||     3
Armor: Animal skin       |     3 |       |       |       ||     3
       Leather armour    |    16 |    14 |    99 |    44 ||   173
       Chain mail        |       |       |       |    10 ||    10
Dodge: Dodged            |    66 |    46 |   213 |   104 ||   429

Table legend: (Time is in decaauts)
 A = Elapsed time spent in this place.
 B = Non-inter-level travel time spent in this place.
 C = Inter-level travel time spent in this place.
 D = Time resting spent in this place.
 E = Time spent auto-exploring this place.
 F = Levels seen in this place.
 G = Mean time per level.
                   A        B        C        D        E       F      G
               +--------+--------+--------+--------+--------+-----+--------+
         Total |  12743 |  12104 |    639 |   1260 |   8995 |  12 | 1061.9 |
       Dungeon |  12032 |  11393 |    639 |   1260 |   8451 |  11 | 1093.8 |
         Sewer |    711 |    711 |      0 |      0 |    544 |   1 |  711.0 |
               +--------+--------+--------+--------+--------+-----+--------+

Top non-repeatable levels by time:
     D:9: 1286 daAuts
     D:5: 1277 daAuts
     D:6: 1251 daAuts
    D:11: 1215 daAuts
     D:8: 1190 daAuts
     D:4: 1185 daAuts
    D:10: 1069 daAuts
     D:2: 1020 daAuts
     D:1: 972 daAuts
     D:7: 889 daAuts
   Sewer: 711 daAuts
     D:3: 672 daAuts
